[Event "Betsys MČR v online bleskovém šachu 2021"]
[Site "Chess.com"]
[Date "2021.04.17"]
[Round "9"]
[White "ghostdog777"]
[Black "Filipdol"]
[Result "1-0"]
[WhiteElo "2166"]
[BlackElo "1904"]
[TimeControl "180+1"]
[EndTime "10:32:04 PDT"]
[Termination "Uživatel ghostdog777 zvítězil matem"]

1. e4 c5 2. Nf3 a6 3. c3 d5 4. exd5 Qxd5 5. d4 Nf6 6. Be3 e6 7. c4 Qd8 8. Qa4+ Bd7 9. Qb3 Qc7 10. Nc3 cxd4 11. Bxd4 Nc6 12. Bb6 Qf4 13. Be2 Be7 14. O-O O-O 15. Rad1 Qb8 16. Rfe1 Bd8 17. Bc5 Be7 18.
Bxe7 Nxe7 19. Bd3 Bc6 20. Ne5 Qc7 21. Qc2 h6 22. Qe2 Rad8 23. h3 Nd7 24. Nxc6 Nxc6 25. b3 Nde5 26. Be4 Rxd1 27. Rxd1 Rd8 28. Re1 Nd7 29. Bb1 Nf6 30. Qc2 Nd4 31. Qc1 Nc6 32. Qe3 Qe7 33. Qg3 Qd6 34. Qxd6 Rxd6 35. Re2 Nd4 36.
Re1 Kf8 37. Kf1 Ke7 38. Rc1 Nc6 39. a3 Nd7 40. b4 Nde5 41. c5 Rd8 42. Ne4 Nd3 43. Rd1 Nde5 44. Rxd8 Kxd8 45. Nd6 Kc7 46. f4 Nc4 47. Nxc4 Nd4 48. Nd6 f6 49. Kf2 b6 50.
Ke3 bxc5 51. bxc5 Nb5 52. a4 Nxd6 53. cxd6+ Kxd6 54. Kd4 Kc6 55. Bd3 e5+ 56. fxe5 f5 57. Kc4 g6 58. a5 f4 59. h4 f3 60. Be4+ Kc7 61. Bxf3 g5 62. Bd5 g4 63. Kc5 g3 64.
e6 Kd8 65. Kd6 Ke8 66. e7 h5 67. Bc6+ Kf7 68. e8=Q+ Kf6 69. Qe7+ Kf5 70. Qg5# 1-0

[Event "Betsys MČR v online bleskovém šachu 2021"]
[Site "Chess.com"]
[Date "2021.04.17"]
[Round "9"]
[White "Bohous13"]
[Black "Evca64"]
[Result "1-0"]
[WhiteElo "2217"]
[BlackElo "2065"]
[TimeControl "180+1"]
[EndTime "10:32:26 PDT"]
[Termination "Uživatel Bohous13 zvítězil po vzdání soupeře"]

1. e4 c6 2. d4 d5 3. exd5 cxd5 4. Bd3 Nc6 5. Nf3 Qc7 6. c3 Bg4 7. O-O e6 8. Nbd2 Bd6 9. h3 Bh5 10. Re1 Nf6 11. Nf1 Bg6 12. Bg5 Ne4 13. Be3 O-O 14. Nh4 Nf6 15. Nxg6 hxg6 16. Nd2 Rab8 17.
Bg5 b5 18. b4 Ne7 19. Bxf6 gxf6 20. Rc1 f5 21. Nb3 Kg7 22. Qf3 Ng8 23. Nc5 Bxc5 24. bxc5 Nf6 25. Qe3 Ne4 26. Bxe4 fxe4 27. Rb1 a6 28.
Rb3 f5 29. f4 Kf6 30. Qg3 Rh8 31. Reb1 Kf7 32. Qg5 Rh5 33. Qg3 g5 34. Rf1 Rg8 35.
a4 bxa4 36. Rb6 gxf4 37. Qxf4 Qxf4 38. Rxf4 Rhg5 39. Rf2 Rg3 40. Rc2 Ra8 41. Kf2 Rd3 42.
Rb7+ Kf6 43. c6 Rc8 44. c7 f4 45. Ra7 Kf5 46. h4 f3 47. gxf3 Rxf3+ 48. Kg2 Rd3 49. h5 e3 50. Kf3 Rd2 51. Rxd2 exd2 52. Ke2 Kg5 53. Kxd2 Kxh5 54. Rxa6 Rxc7 55. Rxe6 Ra7 56. Re5+ Kg4 57. Kc2 Ra5 58. Kb2 Kf4 59. Ka3 Ra8 60.
Rxd5 Ke4 61. Rc5 Kd3 62. Rc7 Ra6 63. d5 Ke4 64. c4 Kd4 65. Rc6 Ra8 66. d6 Ke5 67. c5 Ke6 68. Rc7 Ra6 69. Rc8 Ra7 70.
Re8+ Kd5 71. Rc8 Ke6 72. Rc6 Kd5 73. Rc7 Ra8 74. d7 Rd8 75. c6 Kd6 76. Rc8 Ke7 77.
Rxd8 Kxd8 78. Kxa4 1-0

[Event "Betsys MČR v online bleskovém šachu 2021"]
[Site "Chess.com"]
[Date "2021.04.17"]
[Round "9"]
[White "fm_magua"]
[Black "fadamos"]
[Result "1-0"]
[WhiteElo "2521"]
[BlackElo "2296"]
[TimeControl "180+1"]
[EndTime "10:32:57 PDT"]
[Termination "Uživatel fm_magua zvítězil matem"]

1. e4 e5 2. Nf3 Nc6 3. Bb5 a6 4. Ba4 Nf6 5. d4 Nxd4 6. Nxe5 Nc6 7. Nf3 Bc5 8. O-O O-O 9. e5 Ne8 10. c3 d6 11. exd6 Qxd6 12. Qxd6 Nxd6 13. Bxc6 bxc6 14.
Nbd2 Bf5 15. Nb3 Bb6 16. Nfd4 Bd7 17. Be3 Nc4 18. Bc1 Rfe8 19. Nd2 Nd6 20. N2f3 c5 21.
Nb3 Re2 22. Be3 c4 23. Bxb6 cxb3 24. Bxc7 Nb5 25. Bf4 Rxb2 26. axb3 Nxc3 27. Be5 Rxb3 28. Nd4 Rb4 29. Rfc1 Nd5 30. Nc6 Re4 31. f3 Re2 32.
Kf1 Rd2 33. Bg3 Ne3+ 34. Kg1 Rxg2+ 35. Kh1 Rd2 36. Bf4 Re2 37. Nd4 Rf2 38. Bxe3 Rb2 39. Nc6 h6 40. Ne5 Bh3 41. Nd3 Re2 42. Re1 Bg2+ 43. Kg1 Bxf3 44. Nc5 Re8 45. Rxe2 Bxe2 46. Kf2 Bb5 47. Ra2 Kh7 48. Nxa6 Re6 49. Nc5 Rd6 50. Ne4 Re6 51. Ng3 Bd3 52. Ra7 Rf6+ 53. Ke1 Bc4 54. Kd2 Rd6+ 55. Kc3 Be6 56. Bd4 Rc6+ 57. Kd2 Kg6 58. Ke3 Rc1 59. Ne2 Rh1 60. Be5 Rb1 61. Bg3 Kh7 62. Nd4 Bd5 63. Nf5 Be6 64. Nd6 Rb3+ 65.
Kd2 Rb2+ 66. Kc3 Re2 67. Nxf7 Bxf7 68. Rxf7 Ra2 69. Be5 Kg6 70. Rxg7+ Kh5 71. Rd7 Ra3+ 72. Kb4 Ra2 73. Bg3 Kg5 74. Rd5+ Kg4 75. Rd4+ Kg5 76. Kc3 h5 77. Kd3 Ra8 78. Ke3 Re8+ 79. Kf3 Ra8 80. Bf4+ Kg6 81. Rd6+ Kf5 82. Rd5+ Kg6 83. Rg5+ Kf6 84.
Rxh5 Ra3+ 85. Kg4 Ra1 86. Rh6+ Kf7 87. Rb6 Ra5 88. h4 Ra1 89. Kf5 Ra5+ 90. Be5 Ra2 91. Rb7+ Kg8 92. h5 Rf2+ 93. Ke6 Ra2 94. Rb8+ Kh7 95. Rh8# 1-0

[Event "Betsys MČR v online bleskovém šachu 2021"]
[Site "Chess.com"]
[Date "2021.04.17"]
[Round "9"]
[White "mysacek1414"]
[Black "Qb1xh8"]
[Result "1-0"]
[WhiteElo "1905"]
[BlackElo "2094"]
[TimeControl "180+1"]
[EndTime "10:33:01 PDT"]
[Termination "Uživatel mysacek1414 zvítězil matem"]

1. e4 c6 2. d4 d5 3. Nc3 dxe4 4. Nxe4 Bf5 5. Ng3 Bg6 6. Nh3 Nd7 7. Nf4 e5 8. Nxg6 hxg6 9. Bc4 Nb6 10. Bb3 Qxd4 11.
Qxd4 exd4 12. O-O Nf6 13. Bg5 Be7 14. Rad1 c5 15. a4 Rd8 16. a5 Nbd5 17. Rfe1 Kf8 18.
Bc4 Nh5 19. Bxd5 Bxg5 20. Bxb7 Nf4 21. Ne4 Be7 22. Nd2 Bd6 23. Nc4 Bc7 24. a6 Ne6 25. Re4 Bxh2+ 26. Kf1 Bc7 27. g3 Ng5 28. Rg4 f6 29.
Kg2 Kf7 30. b3 Rh5 31. Rh4 Rdh8 32. Rxh5 gxh5 33. Na3 h4 34. Nb5 Bb8 35. b4 hxg3 36. fxg3 Rh3 37. Rd3 c4 38. Rxd4 Rxg3+ 39. Kf2 Nh3+ 40.
Ke2 Rg2+ 41. Kd1 Rg1+ 42. Kd2 Bf4+ 43. Kc3 Rg3+ 44. Kxc4 Be5 45. Rd7+ Ke8 46. Bc6 Kf8 47. Rxa7 Nf2 48. Ra8+ Ke7 49. Ra7+ Kd8 50. Ra8+ Ke7 51.
a7 Rg4+ 52. Kb3 Rg3+ 53. Ka4 Rg1 54. Re8+ Kf7 55. a8=Q Ra1+ 56. Kb3 Rxa8 57. Rxa8 Nd1 58. Bd5+ Kg6 59. Rg8 Ne3 60. Be4+ Kf7 61. Rc8 f5 62. Bd5+ Kf6 63. Bf3 g5 64. c4 g4 65. Bxg4 fxg4 66. Rg8 Kf5 67. c5 g3 68. c6 Ke6 69. c7 Bxc7 70. Nxc7+ Kd7 71. Rxg3 Nf5 72. Rg5 Nd4+ 73. Kc4 Nf3 74. Rg7+ Kc6 75. Ne6 Ne5+ 76. Kd4 Nf3+ 77. Ke3 Ne5 78. Nd4+ Kb6 79. b5 Nc4+ 80.
Ke4 Na3 81. Kd5 Nb1 82. Rg6+ Kb7 83. Rg7+ Kb6 84. Rg6+ Kb7 85. b6 Nc3+ 86. Kc4 Ne4 87. Nb5 Nd2+ 88. Kd3 Ne4 89. Kxe4 Ka6 90. Kd5 Kxb5 91. b7 Ka5 92. b8=Q Ka4 93. Ra6# 1-0

[Event "Betsys MČR v online bleskovém šachu 2021"]
[Site "Chess.com"]
[Date "2021.04.17"]
[Round "9"]
[White "Jakuboss22005"]
[Black "kol340"]
[Result "1-0"]
[WhiteElo "2070"]
[BlackElo "1836"]
[TimeControl "180+1"]
[EndTime "10:33:11 PDT"]
[Termination "Uživatel Jakuboss22005 zvítězil matem"]

1. b3 c6 2. Bb2 d5 3. Nf3 Nf6 4. g3 Bf5 5. Bg2 Nbd7 6. O-O Qc7 7. d4 e6 8. c4 Rc8 9. Nc3 Be7 10. Bc1 O-O 11. Bf4 Qa5 12. Bd2 Bb4 13. Qc1 Ne4 14. Nxe4 Bxe4 15. Bxb4 Qxb4 16. a3 Qxb3 17. Nd2 Qc2 18.
Nxe4 Qxc1 19. Rfxc1 dxe4 20. Bxe4 Nf6 21. Bf3 b6 22. a4 c5 23. d5 exd5 24. cxd5 Rfe8 25. Re1 Nd7 26. Bg4 Rcd8 27. Bxd7 Rxd7 28. Rad1 f5 29. f3 a6 30. Rb1 Rb8 31. e4 b5 32. Rec1 c4 33.
Rxc4 fxe4 34. fxe4 Kf7 35. axb5 axb5 36. Rcb4 Rdb7 37.
Kf2 Kf6 38. Ke3 Ke5 39. Rf1 g6 40. Rc1 Ra8 41. Rc5 Ra3+ 42. Kd2 Ra2+ 43. Rc2 Ra3 44. Rcb2 Rf7 45. Ke2 h5 46. Rd2 Ra5 47. d6 Rd7 48.
Rbd4 Ra4 49. Rd5+ Ke6 50. Rxb5 Rxe4+ 51. Kf3 Re5 52. Rb4 Rxd6 53. Rxd6+ Kxd6 54. Rb6+ Ke7 55. Rxg6 Kf7 56. Ra6 Kg7 57. h3 Rb5 58. Kf4 Kh7 59.
g4 hxg4 60. hxg4 Kg7 61. Kg3 Kf7 62. Kh4 Kg7 63. g5 Kh7 64. Kh5 Kg7 65. Ra7+ Kf8 66. Kh6 Rb1 67. Rc7 Rh1+ 68. Kg6 Rd1 69. Rc8+ Ke7 70. Rc2 Rd6+ 71. Kg7 Rd7 72. g6 Ke6+ 73. Kh6 Kf5 74. Rf2+ Kg4 75. Rg2+ Kf5 76. g7 Rd6+ 77. Kh7 Rd7 78. Kh8 Rd4 79. g8=Q Rh4+ 80. Qh7+ Rxh7+ 81. Kxh7 Kf4 82. Kh6 Kf3 83. Rg8 Kf4 84. Kh5 Kf5 85. Rf8+ Ke6 86. Kg6 Ke7 87. Rf6 Kd7 88. Kf5 Ke7 89.
Ke5 Kd7 90. Re6 Kc7 91. Kd5 Kd7 92. Re4 Kc7 93. Re5 Kb6 94. Kc4 Kc7 95. Re6 Kd7 96.
Rh6 Ke7 97. Kd5 Kf7 98. Ke5 Kg7 99. Ra6 Kf7 100. Rb6 Kg7 101. Kf5 Kf7 102. Rb7+ Ke8 103. Ke6 Kd8 104. Rh7 Kc8 105. Kd6 Kb8 106. Kc6 Kc8 107. Rh8# 1-0

[Event "Betsys MČR v online bleskovém šachu 2021"]
[Site "Chess.com"]
[Date "2021.04.17"]
[Round "9"]
[White "vasekpaulus"]
[Black "prosinec"]
[Result "1/2-1/2"]
[WhiteElo "2052"]
[BlackElo "1761"]
[TimeControl "180+1"]
[EndTime "10:33:16 PDT"]
[Termination "Remíza opakováním pozice"]

1. e4 d6 2. Nf3 Bg4 3. h3 Bxf3 4. Qxf3 e5 5. c3 Nf6 6. Bc4 c5 7. d3 Nc6 8. a4 a5 9. O-O Be7 10. Na3 O-O 11. Qe2 Qd7 12. Nb5 Rac8 13. f4 exf4 14. Bxf4 Rfe8 15. Rf2 Bf8 16. Qf3 Ne5 17. Bxe5 dxe5 18.
g4 h6 19. Raf1 Re7 20. Rg2 Nh7 21. h4 Rc6 22. g5 Rg6 23. gxh6 Rxh6 24. h5 Nf6 25.
Rg5 Kh8 26. Rf2 Qc6 27. Rfg2 Nh7 28. R5g3 Qf6 29. Qe2 Qh4 30. Qf3 Qxh5 31. Qxh5 Rxh5 32. Nd6 Rh6 33. Nxf7+ Rxf7 34. Bxf7 Be7 35. Bc4 Bf6 36. Rg6 Rxg6 37. Rxg6 Ng5 38. Bb5 Kh7 39. Be8 Nh3+ 40. Kg2 Nf4+ 41. Kf3 Nxg6 42. Kg4 Nf8 43. Kf5 Kh8 44. c4 Nh7 45. Ke6 Kg8 46. Kd7 Kf8 47. Bg6 Ng5 48. Kc7 Nh3 49. Kxb7 Nf4 50. Bf5 Nxd3 51. b3 Nb2 52. Kb6 Kf7 53. Kxc5 g6 54. Bc8 Be7+ 55. Kb5 Nd3 56. c5 Bxc5 57. Kxa5 Bb4+ 58.
Kb5 Bd2 59. Kc4 Nf2 60. Bh3 Ba5 61. Bd7 Nxe4 62. Bc6 Nd6+ 63. Kd5 Nf5 64. Kxe5 Bc7+ 65. Ke4 Kf6 66. Kd3 Nd6 67. b4 g5 68. b5 Ba5 69.
Bh1 Nc8 70. Kd4 Nb6 71. Kc5 Nxa4+ 72. Kc6 Bb6 73. Kd5 Ba5 74. Kc4 Nc3 75. b6 Bxb6 76. Kxc3 Kf5 77. Kd3 Kf4 78. Ke2 g4 79. Kf1 g3 80.
Bg2 Bf2 81. Bd5 Kg4 82. Bg2 Kg5 83. Bd5 Kf6 84. Bg2 Ke7 85. Bf3 Kd6 86. Kg2 Ke5 87.
Be2 Kd6 88. Bf1 Ke7 89. Be2 Kd6 90. Bf3 Ke5 91. Be2 Kd6 1/2-1/2

[Event "Betsys MČR v online bleskovém šachu 2021"]
[Site "Chess.com"]
[Date "2021.04.17"]
[Round "10"]
[White "Trener-Pokrocili"]
[Black "fm_magua"]
[Result "1-0"]
[WhiteElo "2275"]
[BlackElo "2508"]
[TimeControl "180+1"]
[EndTime "10:35:38 PDT"]
[Termination "Uživatel Trener-Pokrocili zvítězil po vzdání soupeře"]

1. Nf3 c5 2. c4 Nc6 3. Nc3 g6 4. e3 Bg7 5. d4 d6 6. dxc5 dxc5 7. Qxd8+ Nxd8 8. Bd2 Be6 9. O-O-O Nc6 10. Ng5 Bd7 11. Nd5 O-O-O 12. Nxf7 e6 13. Bc3 1-0

[Event "Betsys MČR v online bleskovém šachu 2021"]
[Site "Chess.com"]
[Date "2021.04.17"]
[Round "10"]
[White "Vojta0007"]
[Black "HerjoAnpe"]
[Result "0-1"]
[WhiteElo "1454"]
[BlackElo "1263"]
[TimeControl "180+1"]
[EndTime "10:35:46 PDT"]
[Termination "Uživatel HerjoAnpe zvítězil matem"]

1. d4 c5 2. d5 e6 3. c4 exd5 4. cxd5 Nf6 5. Nc3 c4 6. e4 Bb4 7. Qc2 O-O 8. Bxc4 Re8 9. Bd3 Qb6 10. Be3 Bc5 11. Bxc5 Qxc5 12. Nge2 Ng4 13. O-O Qd6 14. Nb5 Qxh2# 0-1

[Event "Betsys MČR v online bleskovém šachu 2021"]
[Site "Chess.com"]
[Date "2021.04.17"]
[Round "10"]
[White "Lipican"]
[Black "Countryside_58"]
[Result "0-1"]
[WhiteElo "2108"]
[BlackElo "2409"]
[TimeControl "180+1"]
[EndTime "10:35:55 PDT"]
[Termination "Uživatel Countryside_58 zvítězil po vzdání soupeře"]

1. d4 d5 2. Nf3 Nc6 3. c4 e5 4. cxd5 Qxd5 5. Nc3 Bb4 6. Bd2 Bxc3 7. Bxc3 e4 8. Ne5 e3 9. Nxc6 exf2+ 10. Kxf2 bxc6 11. Qd3 Nf6 12. e3 Bf5 13. Qd1 Ng4+ 14. Ke2 Qe4 15.
Qc1 O-O 0-1

[Event "Betsys MČR v online bleskovém šachu 2021"]
[Site "Chess.com"]
[Date "2021.04.17"]
[Round "10"]
[White "Tynano"]
[Black "Tobish"]
[Result "1-0"]
[WhiteElo "1955"]
[BlackElo "1678"]
[TimeControl "180+1"]
[EndTime "10:36:01 PDT"]
[Termination "Uživatel Tynano zvítězil po vzdání soupeře"]

1. e4 c5 2. Nf3 Nc6 3. d4 cxd4 4. Nxd4 Nf6 5. Nc3 g6 6. Be3 Bg7 7. Bc4 d6 8. f3 Bd7 9. Qd2 Rc8 10. Bb3 Na5 11.
O-O-O Nc4 12. Bxc4 Rxc4 13. g4 a6 14. h4 b5 15. h5 b4 16. Nce2 Qa5 17. Kb1 Qc7 18. h6 Bf8 19. g5 Nh5 20. Rxh5 gxh5 21. Nf4 e6 22. Nxh5 Be7 23. Ng7+ Kd8 24. f4 e5 25. fxe5 dxe5 26. Nde6+ 1-0

[Event "Betsys MČR v online bleskovém šachu 2021"]
[Site "Chess.com"]
[Date "2021.04.17"]
[Round "10"]
[White "pa9p"]
[Black "kubajss"]
[Result "1-0"]
[WhiteElo "1763"]
[BlackElo "907"]
[TimeControl "180+1"]
[EndTime "10:36:10 PDT"]
[Termination "Uživatel pa9p zvítězil po vzdání soupeře"]

1. e4 e5 2. Nf3 Nc6 3. d4 exd4 4.
Nxd4 Nxd4 5. Qxd4 d6 6. Nc3 Qe7 7. Bc4 Nf6 8. O-O Be6 9. Nd5 Nxd5 10. exd5 Bf5 11. Bd2 a6 12. Rfe1 Be6 13. dxe6 fxe6 14. Rxe6 Qxe6 15. Bxe6 1-0

[Event "Betsys MČR v online bleskovém šachu 2021"]
[Site "Chess.com"]
[Date "2021.04.17"]
[Round "10"]
[White "OndrejBorkovec"]
[Black "pavelchrz"]
[Result "1-0"]
[WhiteElo "1518"]
[BlackElo "1661"]
[TimeControl "180+1"]
[EndTime "10:36:11 PDT"]
[Termination "Uživatel OndrejBorkovec zvítězil po vzdání soupeře"]

1. c4 g6 2. d4 Bg7 3. Nc3 c5 4. Nf3 cxd4 5. Nxd4 Nc6 6. Nxc6 bxc6 7. Qc2 Nf6 8. Bf4 d6 9. g3 Bf5 10. Qd2 O-O 11. Bg2 Qd7 12. O-O Bh3 13. Bh6 Rab8 14.
b3 Rfe8 15. Bxg7 Kxg7 16. e3 Qg4 17. Rfd1 Bxg2 18. Kxg2 Ne4 19. Nxe4 Qf4 20. exf4 1-0

[Event "Betsys MČR v online bleskovém šachu 2021"]
[Site "Chess.com"]
[Date "2021.04.17"]
[Round "10"]
[White "polik1112"]
[Black "Hroch_Hippo"]
[Result "1-0"]
[WhiteElo "1330"]
[BlackElo "1091"]
[TimeControl "180+1"]
[EndTime "10:36:15 PDT"]
[Termination "Uživatel polik1112 zvítězil po vzdání soupeře"]

1. e4 e5 2. Nf3 Nc6 3. Bb5 d6 4. Bxc6+ bxc6 5. d4 d5 6. exd5 cxd5 7. Nxe5 Bd7 8. O-O Nf6 9. Re1 Be7 10. Nxd7 Qxd7 11. Qe2 g6 12. Bg5 Qd6 13. Nc3 Rd8 14. Nb5 Qb4 15. Bxf6 Rd7 16. Bxh8 Qxb2 17. Bf6 Qb4 18.
Nxa7 Kf8 19. Nc6 Qd6 20. Bxe7+ Rxe7 21. Qxe7+ Qxe7 22. Rxe7 1-0

[Event "Betsys MČR v online bleskovém šachu 2021"]
[Site "Chess.com"]
[Date "2021.04.17"]
[Round "10"]
[White "AlenaSouralova"]
[Black "adambelaska"]
[Result "0-1"]
[WhiteElo "915"]
[BlackElo "1396"]
[TimeControl "180+1"]
[EndTime "10:36:29 PDT"]
[Termination "Uživatel adambelaska zvítězil matem"]

1. e4 d5 2. exd5 Nf6 3. Nc3 Nxd5 4. Nxd5 Qxd5 5. d4 Nc6 6. Be3 Bf5 7. Nf3 g6 8. Bd3 Bxd3 9. Qxd3 Bg7 10. O-O-O Nb4 11. Qd2 Nxa2+ 12. Kb1 O-O 13. h4 a5 14. g4 Nb4 15. h5 Qa2+ 16. Kc1 Qa1# 0-1

[Event "Betsys MČR v online bleskovém šachu 2021"]
[Site "Chess.com"]
[Date "2021.04.17"]
[Round "10"]
[White "Svandik49"]
[Black "RadosC"]
[Result "0-1"]
[WhiteElo "2270"]
[BlackElo "2496"]
[TimeControl "180+1"]
[EndTime "10:36:37 PDT"]
[Termination "Uživatel RadosC zvítězil po vzdání soupeře"]

1. Nf3 c5 2. g3 Nc6 3. Bg2 g6 4. O-O Bg7 5. c4 e5 6. a3 Nge7 7. Nc3 O-O 8. Rb1 a5 9. Ne1 d6 10. Nc2 Nd4 11. Nxd4 exd4 12. Nd5 Nxd5 13. Bxd5 Bh3 14.
Bg2 Bxg2 15. Kxg2 d5 16. b3 b5 17. d3 bxc4 18. bxc4 dxc4 19. dxc4 Re8 20. Qd3 Qe7 21. Re1 Rab8 22. Bf4 Rxb1 23. Rxb1 h6 24. Rb8 Rxb8 25.
Bxb8 Qb7+ 0-1

[Event "Betsys MČR v online bleskovém šachu 2021"]
[Site "Chess.com"]
[Date "2021.04.17"]
[Round "10"]
[White "RunningPawnz88"]
[Black "Ami2013"]
[Result "1-0"]
[WhiteElo "1351"]
[BlackElo "500"]
[TimeControl "180+1"]
[EndTime "10:36:43 PDT"]
[Termination "Uživatel RunningPawnz88 zvítězil matem"]

1. e4 e5 2. Bc4 Nf6 3. d3 Bc5 4. Bg5 O-O 5. Bxf6 Qxf6 6. Qf3 Qh4 7. Nc3 d6 8. Nge2 Bg4 9. Qg3 Qf6 10. O-O-O Bxe2 11.
Nxe2 Bxf2 12. Qf3 Qh6+ 13. Kb1 Bd4 14. Nxd4 exd4 15. Rdf1 Re8 16. Qxf7+ Kh8 17. Qxe8# 1-0

[Event "Betsys MČR v online bleskovém šachu 2021"]
[Site "Chess.com"]
[Date "2021.04.17"]
[Round "10"]
[White "pkozubik"]
[Black "DavidZidlicky"]
[Result "1-0"]
[WhiteElo "1197"]
[BlackElo "1666"]
[TimeControl "180+1"]
[EndTime "10:36:52 PDT"]
[Termination "Uživatel pkozubik zvítězil po vzdání soupeře"]

1. e4 c5 2. Nf3 Nc6 3. d4 cxd4 4. Nxd4 e5 5. Nxc6 bxc6 6. Bd3 Bc5 7. O-O Nf6 8. a3 d5 9. exd5 cxd5 10. b4 Bb6 11.
c4 dxc4 12. Bxc4 Bxf2+ 13. Kxf2 Qb6+ 14. Be3 Ne4+ 15. Kf3 Qg6 16. Bb5+ Kf8 1-0

[Event "Betsys MČR v online bleskovém šachu 2021"]
[Site "Chess.com"]
[Date "2021.04.17"]
[Round "10"]
[White "pudltomik"]
[Black "EDA16"]
[Result "0-1"]
[WhiteElo "771"]
[BlackElo "1164"]
[TimeControl "180+1"]
[EndTime "10:36:52 PDT"]
[Termination "Uživatel EDA16 zvítězil matem"]

1. e4 c5 2. Nf3 d6 3. Bc4 e6 4.
Nc3 Nc6 5. d3 Nf6 6. Bg5 Be7 7.
g3 O-O 8. O-O h6 9. Bf4 e5 10.
Be3 Bg4 11. Re1 Nd4 12. Bxd4 cxd4 13. Nb5 a6 14. Na3 b5 15. Bb3 Qd7 16. Qd2 Bxf3 17. c3 Qh3 18. Be6 Qg2# 0-1

[Event "Betsys MČR v online bleskovém šachu 2021"]
[Site "Chess.com"]
[Date "2021.04.17"]
[Round "10"]
[White "veronikam"]
[Black "VOJTASEK2009"]
[Result "1-0"]
[WhiteElo "1520"]
[BlackElo "1277"]
[TimeControl "180+1"]
[EndTime "10:37:05 PDT"]
[Termination "Uživatel veronikam zvítězil matem"]

1. e4 e5 2. Nf3 Nc6 3. Bb5 d6 4. O-O Bd7 5. d4 exd4 6. Nxd4 Nxd4 7. Bxd7+ Qxd7 8. Qxd4 Nf6 9. Bg5 Be7 10. Nc3 O-O 11.
Rad1 h6 12. Bf4 Nh5 13. e5 Nxf4 14. Qxf4 Rfe8 15. Rfe1 a6 16. Nd5 c6 17. Nb6 Bg5 18.
Qg3 Qf5 19. Nxa8 Rxa8 20. exd6 Rd8 21. Qd3 Qf6 22. d7 Bh4 23. Re8+ Rxe8 24. dxe8=Q# 1-0

[Event "Betsys MČR v online bleskovém šachu 2021"]
[Site "Chess.com"]
[Date "2021.04.17"]
[Round "10"]
[White "Maty_2010"]
[Black "Anyna"]
[Result "0-1"]
[WhiteElo "945"]
[BlackElo "888"]
[TimeControl "180+1"]
[EndTime "10:37:09 PDT"]
[Termination "Uživatel Anyna zvítězil matem"]

1. e4 d5 2. exd5 Qxd5 3. Nc3 Qa5 4. Bc4 Nf6 5. Nf3 Nc6 6. d4 Bg4 7. h3 Bxf3 8. Qxf3 O-O-O 9. Qg4+ Kb8 10. Qf3 Nxd4 11.
Qd3 e5 12. O-O e4 13. Qd2 Nf3+ 14. gxf3 Rxd2 15. Bxd2 exf3 16. Rfe1 Bb4 17. Bxf7 Bxc3 18. Bxc3 Qg5+ 19. Kf1 Qg2# 0-1

[Event "Betsys MČR v online bleskovém šachu 2021"]
[Site "Chess.com"]
[Date "2021.04.17"]
[Round "10"]
[White "Milan_Jancek"]
[Black "JohnnyDuck64"]
[Result "0-1"]
[WhiteElo "1816"]
[BlackElo "2090"]
[TimeControl "180+1"]
[EndTime "10:37:19 PDT"]
[Termination "Uživatel JohnnyDuck64 zvítězil po vzdání soupeře"]

1. c4 c5 2. Nc3 Nc6 3. g3 g6 4. Bg2 Bg7 5. d3 e5 6. e4 d6 7. Nge2 Nge7 8. O-O O-O 9. f4 Nd4 10. Nxd4 cxd4 11. Ne2 Rb8 12. b3 b5 13. h3 bxc4 14.
bxc4 Kh8 15. Ba3 f5 16. Rb1 Rxb1 17. Qxb1 fxe4 18. Bxe4 Bxh3 19. Rf2 Bg4 20. Qb4 Nc8 21. Kg2 Bxe2 22. Rxe2 exf4 23. Bf3 fxg3 24. Re6 Qh4 0-1

[Event "Betsys MČR v online bleskovém šachu 2021"]
[Site "Chess.com"]
[Date "2021.04.17"]
[Round "10"]
[White "Nimrod64"]
[Black "sipos88"]
[Result "1-0"]
[WhiteElo "2241"]
[BlackElo "1870"]
[TimeControl "180+1"]
[EndTime "10:37:34 PDT"]
[Termination "Uživatel Nimrod64 zvítězil po vzdání soupeře"]

1. d4 g6 2. Nf3 d6 3. c4 Nh6 4.
Nc3 f5 5. g3 Nf7 6. d5 Bg7 7.
Bg2 e5 8. dxe6 Bxe6 9. Nd4 Bc8 10. O-O O-O 11. e3 c5 12. Nde2 Nc6 13. b3 Be6 14. Bb2 Qc7 15. Nb5 Qe7 16. Bxg7 Kxg7 17. Nbc3 a6 18. Qd2 Rad8 19. Rfd1 h5 20. Nf4 Rd7 21.
Nfd5 Bxd5 22. Nxd5 Qe6 23. Nc3 Rfd8 24. Rac1 h4 25.
Qb2 Qf6 26. Qb1 hxg3 27. hxg3 Rh8 28. Nd5 Qg5 29. Qb2+ Kg8 30. Nf6+ 1-0

[Event "Betsys MČR v online bleskovém šachu 2021"]
[Site "Chess.com"]
[Date "2021.04.17"]
[Round "10"]
[White "viklan"]
[Black "Patrik_Kohm"]
[Result "1-0"]
[WhiteElo "1588"]
[BlackElo "1393"]
[TimeControl "180+1"]
[EndTime "10:37:42 PDT"]
[Termination "Uživatel viklan zvítězil po vzdání soupeře"]

1. d4 d5 2. c4 e6 3. Nf3 Nf6 4. g3 Be7 5. Bg2 O-O 6. O-O dxc4 7. Ne5 c6 8. Nxc4 Nbd7 9. a4 Nb6 10. Ne5 Bd6 11. a5 Nbd7 12. Nc4 Be7 13. Bf4 c5 14. Nc3 cxd4 15. Qxd4 Bc5 16. Qd2 Qe7 17. Bd6 Bxd6 18. Qxd6 Qxd6 19. Nxd6 Rb8 20. Ncb5 a6 21. Na7 b6 22.
Naxc8 Rfxc8 23. Nxc8 Rxc8 24. axb6 Rb8 25. Rxa6 Nxb6 26.
Rc1 Nfd5 27. Bxd5 Nxd5 28. e4 Nb4 29. Rb6 1-0

[Event "Betsys MČR v online bleskovém šachu 2021"]
[Site "Chess.com"]
[Date "2021.04.17"]
[Round "10"]
[White "ikovacs"]
[Black "tkokosek007"]
[Result "1-0"]
[WhiteElo "1089"]
[BlackElo "1366"]
[TimeControl "180+1"]
[EndTime "10:37:57 PDT"]
[Termination "Uživatel ikovacs zvítězil po vzdání soupeře"]

1. d4 d5 2. e3 Bf5 3. Nf3 c6 4. Bd3 Bg6 5. Bxg6 hxg6 6. b3 Nd7 7. Bb2 e6 8. Nbd2 Bd6 9. c4 Ngf6 10. c5 Bc7 11. h3 Ne4 12. Nxe4 dxe4 13. Nd2 Nf6 14.
O-O Qd5 15. f3 Rxh3 16. gxh3 Qg5+ 17. Kf2 Qg3+ 18. Ke2 Qg2+ 19. Rf2 exf3+ 20. Nxf3 Ne4 21. Rxg2 1-0

[Event "Betsys MČR v online bleskovém šachu 2021"]
[Site "Chess.com"]
[Date "2021.04.17"]
[Round "10"]
[White "Hapinka"]
[Black "petr812"]
[Result "0-1"]
[WhiteElo "1822"]
[BlackElo "2116"]
[TimeControl "180+1"]
[EndTime "10:38:02 PDT"]
[Termination "Uživatel petr812 zvítězil po vzdání soupeře"]

1. e4 e6 2. d4 d5 3. e5 c5 4. c3 Nc6 5. Nf3 Nge7 6. Bd3 Ng6 7. O-O cxd4 8. cxd4 Be7 9. Nc3 a6 10. Be3 b5 11. a3 Rb8 12. Rc1 Bd7 13. Qd2 Na5 14.
Rc2 Nc4 15. Qc1 a5 16. Bg5 h6 17. Bxe7 Qxe7 18. b3 Nxa3 19. Ra2 b4 20. Na4 Bxa4 21.
bxa4 O-O 0-1

[Event "Betsys MČR v online bleskovém šachu 2021"]
[Site "Chess.com"]
[Date "2021.04.17"]
[Round "10"]
[White "JosefBara"]
[Black "misacz"]
[Result "1-0"]
[WhiteElo "1305"]
[BlackElo "1081"]
[TimeControl "180+1"]
[EndTime "10:38:05 PDT"]
[Termination "Uživatel JosefBara zvítězil po vzdání soupeře"]

1. d4 Nf6 2. c4 e6 3. Nc3 Bb4 4. Bg5 Bxc3+ 5. bxc3 d5 6. cxd5 exd5 7. Nf3 Be6 8. e3 O-O 9. Be2 Nc6 10. O-O h6 11.
Bh4 Bg4 12. Rb1 Rb8 13. Qa4 Qd6 14. Bg3 Qe6 15. Bb5 a6 16. Bxc6 bxc6 17. Rxb8 Rxb8 18. Bxc7 Rb7 19. Bg3 Ra7 20. Ne5 Ne4 21. Qxc6 Qxc6 22.
Nxc6 Rc7 23. Ne5 Nxg3 24. hxg3 Be6 25. Rc1 Rb7 26. Nc6 Rb2 27. a4 Ra2 28. a5 Bd7 29.
Nb8 Bc8 30. Nc6 Bd7 31. Nb8 Bc8 32. c4 dxc4 33. Rxc4 Rxa5 34. Rxc8+ 1-0

[Event "Betsys MČR v online bleskovém šachu 2021"]
[Site "Chess.com"]
[Date "2021.04.17"]
[Round "10"]
[White "Michelangelo111"]
[Black "kaprasov"]
[Result "1-0"]
[WhiteElo "2105"]
[BlackElo "1867"]
[TimeControl "180+1"]
[EndTime "10:38:08 PDT"]
[Termination "Uživatel Michelangelo111 zvítězil matem"]

1. Nf3 Nf6 2. g3 g6 3. Bg2 Bg7 4. O-O O-O 5. d4 d5 6. c4 dxc4 7. Qc2 c6 8. Qxc4 Be6 9. Qc2 Nbd7 10. Nc3 a6 11. e4 Bc4 12. Re1 a5 13. Bf4 e6 14. Bd6 Re8 15. e5 Nd5 16. Ne4 Ba6 17.
h4 Bf8 18. h5 Bxd6 19. Nxd6 Rf8 20. Qd2 N7b6 21. Qh6 Nc4 22. Ng5 Qxg5 23. Qxg5 Nxd6 24. exd6 f6 25. Qh6 Bd3 26. Bxd5 exd5 27. Re7 g5 28.
Qg7# 1-0